 Dungeon Crawl Stone Soup version 0.22.1-1-ga44c0e5 (webtiles) character file.

79 Chronos the Magician (level 4, 0/21 HPs)
             Began as a Deep Elf Air Elementalist on Sept 24, 2018.
             Was an Initiate of Sif Muna.
             Succumbed to an adder's poison
             ... on level 3 of the Dungeon.
             The game lasted 00:09:07 (2358 turns).

Chronos the Magician (Deep Elf Air Elementalist)    Turns: 2358, Time: 00:09:08

Health: 0/21       AC:  2    Str:  4 (6)  XL:     4   Next: 16%
Magic:  11/12      EV: 12    Int: 18 (20) God:    Sif Muna [......]
Gold:   86         SH:  0    Dex: 12 (15) Spells: 8/11 levels left

rFire    . . .     SeeInvis .   b - +0 dagger
rCold    . . .     Gourm    .   (no shield)
rNeg     . . .     Faith    .   a - +0 robe
rPois    .         Spirit   .   (no helmet)
rElec    .         Reflect  .   (no cloak)
rCorr    .         Harm     .   (no gloves)
MR       .....     Rnd*Rage +   (no boots)
Stlth    ++........             (no amulet)
HPRegen  0.07/turn              (no ring)
MPRegen  0.13/turn              (no ring)

@: lethally poisoned (0 -> -7)
A: berserk 1, blurry vision 1, frail 1
a: Renounce Religion


You were on level 3 of the Dungeon.
You worshipped Sif Muna.
Sif Muna was noncommittal.
You were not hungry.

You visited 1 branch of the dungeon, and saw 3 of its levels.

You collected 86 gold pieces.

Inventory:

Hand Weapons
 b - a +0 dagger (weapon)
Armour
 a - a +0 robe (worn)
Wands
 k - a wand of disintegration (12)
Scrolls
 e - 3 scrolls of identify {unknown}
 f - 3 scrolls of teleportation {unknown}
 o - a scroll of remove curse {unknown}
 p - a scroll of enchant weapon {unknown}
Potions
 d - a potion of berserk rage {unknown}
 g - a potion of haste
 j - a potion of flight {unknown}
 l - a potion of resistance {unknown}
 m - a potion of curing {unknown}
Comestibles
 c - 2 rations
 h - 6 chunks of flesh


   Skills:
 + Level 0.5 Short Blades
 + Level 2.5 Dodging
 + Level 2.6 Stealth
 + Level 4.1 Spellcasting
 + Level 1.7 Conjurations
 + Level 4.0 Air Magic


You had 8 spell levels left.
You knew the following spells:

 Your Spells              Type           Power        Failure   Level  Hunger
a - Shock                 Conj/Air       ##..         4%          1    None
b - Swiftness             Chrm/Air       ##......     10%         2    ##.....

Your spell library contained the following spells:

 Spells                   Type           Power        Failure   Level  Hunger
 Static Discharge         Conj/Air       ##......     13%         3    ###....
 Airstrike                Air            ###.......   26%         4    ####...
 Lightning Bolt           Conj/Air       ##........   77%         5    ######.


Dungeon Overview and Level Annotations

Branches:
Dungeon (3/15)

Altars:
Ashenzari
Sif Muna
Xom


Innate Abilities, Weirdness & Mutations

You tend to lose your temper in combat.
Scrolls take you a little longer to read.
You are frail. (-10% HP)


Message History

The quokka is severely wounded.
The zap misses the quokka.
The adder misses you. The quokka closely misses you.
The adder barely misses you.
Really read with blurry vision while enemies are nearby?
The adder hisses angrily.
The quokka bites you.
You begin reading the scroll.
You continue reading the scroll.
The adder bites you.
The orc hits you from afar with a trident.
* * * LOW HITPOINT WARNING * * *
The quokka misses you. The adder bites you.
* * * LOW HITPOINT WARNING * * *
You are lethally poisoned!
The adder poisons you!
As you read the scroll labeled IMIWI DUFO, it crumbles to dust.
The scroll dissolves into smoke.
It was a scroll of fog.
It was a potion of degeneration.
There was something very wrong with that liquid.
You feel weakened.
You feel dopey.
You feel clumsy.
You die...

#....# .# ... ####.#
....)# .. .. #..<.#
####.. .## .# #.#### #
### ..# .# ###. # #.###
##.##... ##########...
......##.
.........#.#####.#......
########.......r§§...S..
# ###..oooS@§§## #
#......o#§§......
....##....#.####...
....o.#..##.... # ....o
#.###..... ........
..####. ...o...# '## ##
.....# #


You could see 2 adders, 4 orcs and a quokka.

Vanquished Creatures
  2 adders (D:2)
  A worm (D:2)
  A dart slug (D:2)
  3 leopard geckos
  3 orcs
  3 giant cockroaches
  5 goblins
  5 hobgoblins
  2 jackals (D:3)
  3 quokkas
  9 frilled lizards
  6 kobolds
  6 rats
49 creatures vanquished.

Notes
Turn   | Place    | Note
-------+----------+-------------------------------------------
     0 | D:1      | Chronos the Deep Elf Air Elementalist began the quest for
                  | the Orb.
     0 | D:1      | Reached XP level 1. HP: 10/10 MP: 6/6
   432 | D:1      | Reached XP level 2. HP: 15/15 MP: 6/8
  1169 | D:2      | Reached XP level 3. HP: 19/19 MP: 7/10
  1346 | D:2      | Found a shattered altar of Ashenzari.
  1626 | D:2      | Learned a level 2 spell: Swiftness
  1669 | D:2      | Found a shimmering altar of Xom.
  1694 | D:2      | Became a worshipper of Xom of Chaos
  1919 | D:2      | Reached XP level 4. HP: 12/24 MP: 4/12
  2218 | D:3      | Found a deep blue altar of Sif Muna.
  2234 | D:3      | Fell from the grace of Xom
  2234 | D:3      | Became a worshipper of Sif Muna the Loreminder
  2342 | D:3      | XOM: give mutations
  2342 | D:3      | Gained mutation: Scrolls take you a little longer to read.
                  | [Xom's mischief]
  2342 | D:3      | Gained mutation: You tend to lose your temper in combat.
                  | [Xom's mischief]
  2342 | D:3      | Gained mutation: You are frail. (-10% HP) [Xom's mischief]
  2357 | D:3      | HP: 1/21 [adder (4)]
  2358 | D:3      | Succumbed to an adder's poison

Skill      XL: |  1  2  3 |
---------------+----------+-----
Spellcasting   | 4 |  4.1
Air Magic      | 4 |  4.0
Short Blades   | |  0.5
Dodging        | |  2.5
Stealth        | |  2.6
Conjurations   | |  1.7

Action                   |  1- 3 |  4- 6 || total
-------------------------+-------+-------++-------
Melee: Dagger            |     8 |    11 ||    19
 Cast: Shock             |    80 |    17 ||    97
       Swiftness         |     1 |       ||     1
  Use: Potion            |     1 |     1 ||     2
       Scroll            |       |     1 ||     1
 Stab: Sleeping          |     1 |     1 ||     2
  Eat: Chunk             |     3 |     1 ||     4
Armor: Robe              |     2 |       ||     2
Dodge: Dodged            |    17 |    20 ||    37
